 Dungeon Crawl Stone Soup version 0.32-a0-675-gdc239d62e1 (webtiles) character file.

Game seed: 3411141312534943832

249 Fodor the Chopper (level 5, 0/47 HPs)
             Began as a Minotaur Fighter on Mar 11, 2024.
             Slain by an orc
             ... wielding a +0 morningstar
              (2 damage)
             ... on level 5 of the Dungeon.
             The game lasted 00:07:56 (2853 turns).

Fodor the Chopper (Minotaur Fighter)                Turns: 2853, Time: 00:07:57

Health: 0/47       AC:  8    Str: 21    XL:     5   Next: 86%
Magic:  4/4        EV:  9    Int:  5    God:
Gold:   241        SH:  0    Dex: 11    Spells: 4/4 levels left

rFire   . . .        a - +0 battleaxe
rCold   . . .        (shield currently unavailable)
rNeg    . . .        b - +1 scale mail
rPois   .            c - +0 hat
rElec   .            (no cloak)
rCorr   +            (no gloves)
SInv    .            (no boots)
Will    +....        (no amulet) Stlth
                     q - ring of flight
HPRegen 0.27/turn    m - ring of resist corrosion
MPRegen 0.09/turn

%: no passive effects
@: mighty, enlightened, flying
A: horns 2, retaliatory headbutt
a: no special abilities


You were on level 5 of the Dungeon.
You visited 1 branch of the dungeon, and saw 5 of its levels.

You collected 241 gold pieces.

Inventory:

Hand Weapons
 a - a +0 battleaxe (weapon)
Armour
 b - a +1 scale mail (worn)
 c - a +0 hat (worn)
Jewellery
 m - a ring of resist corrosion (right hand)
 q - a ring of flight (left hand)
Wands
 k - a wand of light (5)
Scrolls
 e - 2 scrolls of enchant armour
 g - a scroll of teleportation
 h - a scroll of silence {unknown}
 i - a scroll of revelation {unknown}
 l - 2 scrolls of identify {unknown}
 n - a scroll of amnesia {unknown}
 s - a scroll of blinking {unknown}
Potions
 j - a potion of curing {unknown}
 o - a potion of lignification {unknown}
 p - a potion of cancellation {unknown}
 r - a potion of resistance {unknown}
 t - a potion of brilliance {unknown}
 u - a potion of magic {unknown}
 v - a potion of heal wounds {unknown}


   Skills:
 + Level 4.7 Fighting
 + Level 5.0 Axes
 + Level 2.0 Throwing
 + Level 4.4 Armour
 + Level 0.3 Dodging
 + Level 4.4 Shields


You had 4 spell levels left.
You didn't know any spells.
Your spell library was empty.

Dungeon Overview and Level Annotations

Branches:
Dungeon (5/15)
 Temple: D:4-7

Altars:
Cheibriados
Makhleb
Zin

Shops:
D:4 *


Innate Abilities, Weirdness & Mutations

You have a pair of horns on your head.
You reflexively headbutt those who attack you in melee.


Message History

You feel less confused.
The orc hits you with a +1 vampiric whip.
The gnoll hits you with a +0 spear.
You are confused.
The gnoll closely misses you.
You're too confused to move!
The gnoll hits you from afar with a +0 spear.
The orc hits you but does no damage. The orc hits you with a +0 morningstar!
The gnoll closely misses you. The orc closely misses you.
The orc barely misses you.
You're too confused to move!
Something hits you. The gnoll hits you but does no damage.
The orc hits you with a +1 vampiric whip.
The orc closely misses you.
You closely miss something. You barely miss the orc. You miss the orc.
You closely miss the gnoll.
You feel less confused. Something hits you but does no damage.
The gnoll hits you but does no damage. The orc hits you with a +0 morningstar!
* * * LOW HITPOINT WARNING * * *
The orc hits you but does no damage. Something hits you but does no damage.
It was a potion of enlightenment.
You feel more buoyant. The gnoll misses you. You furiously retaliate!
You headbutt the gnoll. The orc hits you with a +0 morningstar.
* * * LOW HITPOINT WARNING * * *
The orc hits you but does no damage. Something hits you but does no damage.
You feel very mighty all of a sudden. The gnoll hits you with a +0 spear.
* * * LOW HITPOINT WARNING * * *
The orc barely misses you.
The orc hits you with a +1 vampiric whip.
* * * LOW HITPOINT WARNING * * *
Something hits you but does no damage.
Unknown command.
You slash the orc!
You kill the orc!
You barely miss the orc. You closely miss something. You slash the gnoll!
The gnoll hits you but does no damage. The orc hits you with a +0 morningstar.
You die...

...... . . ...
?.....#### .# .. ...
.........#####.#...
.#.
.§§......##........ .
≈§§≈§....##.........
.§.≈§....##........
≈≈§§$....#..###...#
_§.≈.......#####..#
#.
≈§g≈....@).#......##
..
.§g§...go..........##
#.#
≈§≈§...).#..........#
#.#
.≈.§.###(#....†.....#
#.# .§.§.
#............###..
.≈.§
##.#...............
≈≈.≈
#.............##...
...
#..................
#.............###..


You could see 3 gnolls and an orc.

Vanquished Creatures
  A hound (D:4)
  A gnoll bouda (D:5)
  2 iguanas
  A gnoll (D:5)
  6 adders
  A ribbon worm (D:2)
  4 dart slugs
  3 orcs
  6 endoplasms
  A giant cockroach (D:3)
  6 goblins
  7 hobgoblins
  4 jackals (D:4)
  3 quokkas
  5 ball pythons
  3 bats
  2 frilled lizards
  5 kobolds
  6 rats
67 creatures vanquished.

Notes
Turn   | Place    | Note
-------+----------+-------------------------------------------
     0 | D:1      | Fodor the Minotaur Fighter began the quest for the Orb.
     0 | D:1      | Reached XP level 1. HP: 19/19 MP: 0/0
   238 | D:1      | Reached XP level 2. HP: 25/27 MP: 1/1
   751 | D:2      | Reached XP level 3. HP: 33/33 MP: 2/2
   800 | D:2      | Reached skill level 3 in Axes
  1171 | D:2      | Found a faded altar of an unknown god.
  1444 | D:3      | Reached XP level 4. HP: 40/40 MP: 3/3
  1529 | D:3      | Found the +18 Lear's hauberk
  2126 | D:4      | Reached skill level 4 in Axes
  2126 | D:4      | Reached skill level 1 in Throwing
  2231 | D:4      | Found a snail-covered altar of Cheibriados.
  2342 | D:4      | Reached XP level 5. HP: 47/47 MP: 4/4
  2399 | D:4      | You are sucked into a shaft and drop 1 floor!
  2399 | D:5      | Entered Level 5 of the Dungeon
  2525 | D:4      | Found Zin's Purification Station.
  2528 | D:4      | Found a glowing silver altar of Zin.
  2813 | D:5      | Reached skill level 5 in Axes
  2839 | D:5      | Found a burning altar of Makhleb.
  2852 | D:5      | HP: 2/47 [orc/+1 vampiric whip (3)]
  2853 | D:5      | Slain by an orc

Illustrated notes

Levels and vault maps discovered:
D:1:      orjb1_lava_funnel, layout_basic, hangedman_glass_teeth,
          minmay_pentomino_r4
D:2:      layout_rooms, hellmonk_ecumenical_altar_inner_sanctum,
          minmay_misc_feat_hallway
D:3:      layout_loops_ring, palyth_stone_intersect
D:4:      layout_gridville, zin_purify, general_overflow_altar
D:5:      layout_rooms, mainiacjoe_overflow_catwalk_spiral,
          nicolae_houndstooth_variations

Skill      XL: |  1  2  3  4  5 |
---------------+----------------+-----
Fighting       | 4 |  4.7
Shields        | 4 |  4.4
Axes           | 3 4 5 |  5.0
Armour         | 4 |  4.4
Throwing       | 1 2 |  2.0
Dodging        | |  0.3

Action                     |  1- 3 |  4- 6 || total
---------------------------+-------+-------++-------
  Melee: War axe           |    62 |    28 ||    90
         Headbutt          |     5 |     7 ||    12
         Battleaxe         |       |    16 ||    16
  Throw: Boomerang         |    27 |    28 ||    55
    Use: Scroll            |       |     2 ||     2
         Potion            |       |     2 ||     2
 Armour: Scale mail        |    61 |    59 ||   120
  Dodge: Dodged            |    31 |    39 ||    70
  Block: Buckler           |    23 |    11 ||    34

Table legend: (Time is in decaauts)
 A = Elapsed time spent in this place.
 B = Non-inter-level travel time spent in this place.
 C = Inter-level travel time spent in this place.
 D = Time resting spent in this place.
 E = Time spent auto-exploring this place.
 F = Levels seen in this place.
 G = Mean time per level.
                   A        B        C        D        E       F      G
               +--------+--------+--------+--------+--------+-----+--------+
         Total |   2908 |   2843 |     65 |     63 |   2094 |   5 |  581.6 |
       Dungeon |   2908 |   2843 |     65 |     63 |   2094 |   5 |  581.6 |
               +--------+--------+--------+--------+--------+-----+--------+

Top non-repeatable levels by time:
     D:3: 744 daAuts
     D:4: 740 daAuts
     D:2: 668 daAuts
     D:1: 638 daAuts
     D:5: 115 daAuts
